 Dungeon Crawl Stone Soup version 0.29-a0-321-gf1c400731a (webtiles) character file.

Game seed: 7543086438831640572

2142 Psyclone the Fighter (level 9, 0/71 HPs)
             Began as an Octopode Earth Elementalist on Apr 4, 2022.
             Was an Initiate of Gozag.
             Slain by a killer bee (8 damage)
             ... on level 7 of the Dungeon.
             The game lasted 00:13:24 (7195 turns).

Psyclone the Fighter (Octopode Earth Elementalist)  Turns: 7195, Time: 00:13:25

Health: 0/71       AC:  1    Str: 20    XL:     9   Next: 30%
Magic:  12/12      EV: 13    Int: 21    God:    Gozag
Gold:   522        SH:  0    Dex: 15    Spells: 6/12 levels left

rFire   . . .      SeeInvis .   b - +6 hand axe of Myuppaes {freeze, Will+}
rCold   + . .      Faith    +   (no shield)
rNeg    . . .      Spirit   .   (helmet restricted)
rPois   .          Reflect  .   d - amulet of Duuliq {Faith Dex+3}
rElec   .          Harm     .   h - +4 ring of slaying
rCorr   .          Rampage  .   q - +6 ring of strength
Will    +....                   y - ring of protection from cold
Stlth   +++.......              v - +6 ring of strength
HPRegen 0.21/turn               (no ring)
MPRegen 0.13/turn               (no ring)
                                (no ring)
                                (no ring)

@: lethally poisoned (0 -> -11), gold aura
A: almost no armour, amphibious, 8 rings, camouflage 1, gelatinous body 1,
(nimble swimmer 1), tentacles
a: Renounce Religion, Potion Petition, Call Merchant, Bribe Branch


You were on level 7 of the Dungeon.
You worshipped Gozag.
Gozag was pleased with you.
You visited 2 branches of the dungeon, and saw 8 of its levels.

You collected 641 gold pieces.
You spent 47 gold pieces at shops.
You paid 72 gold pieces to Gozag.

Inventory:

Hand Weapons
 a - a +1 dagger of holy wrath
 b - the +6 hand axe of Myuppaes (weapon) {freeze, Will+}
   (You found it on level 2 of the Dungeon)

   It freezes those it strikes, dealing additional cold damage.
   It can also slow down cold-blooded creatures.
   Will:      It increases your willpower.
 s - a +3 short sword
Missiles
 c - 267 stones
Jewellery
 d - the amulet of Duuliq (around mantle) {Faith Dex+3}
   (You found it on level 2 of the Dungeon)

   [amulet of faith]

   It allows you to gain divine favour quickly.
   Dex:       It affects your dexterity (+3).
 h - a +4 ring of slaying (left tentacle)
 q - a +6 ring of strength (right tentacle)
 v - a +6 ring of strength (on tentacle)
 y - a ring of protection from cold (on tentacle)
Wands
 r - a wand of flame (29)
Scrolls
 f - a scroll of enchant armour
 j - a scroll of amnesia
 k - a scroll of holy word
 l - a scroll of vulnerability
 n - a scroll of immolation
 o - a scroll of noise
 p - 3 scrolls of teleportation
 t - a scroll of brand weapon
 u - 2 scrolls of fear
 w - 2 scrolls of fog
 x - a scroll of identify {@r1}
 A - a scroll of enchant weapon
Potions
 e - a potion of lignification
 g - 5 potions of curing
 i - a potion of haste
 m - 3 potions of magic
 z - a potion of invisibility


   Skills:
 + Level 10.5 Fighting
 - Level 2.0 Dodging
 - Level 2.6 Stealth
 - Level 2.0 Spellcasting
 - Level 1.0 Transmutations
 - Level 6.4 Earth Magic


You had 6 spell levels left.
You knew the following spells:

 Your Spells              Type           Power      Damage    Failure   Level
a - Sandblast             Erth           58%        2d13      1%          1
b - Stone Arrow           Conj/Erth      30%        3d8       12%         3
c - Passwall              Tmut/Erth      14%        N/A       4%          2

Your spell library contained the following spells:

 Spells                   Type           Power      Damage    Failure   Level
 Foxfire                  Conj/Fire      8%         2x1d4     14%         1
 Lee's Rapid Deconstruct  Erth           14%        3d10*     28%         5
 Petrify                  Tmut/Erth      17%        N/A       32%         4
 Leda's Liquefaction      Hex/Erth       7%         N/A       36%         4
 Conjure Flame            Conj/Fire      2%         6-21      41%         3
 Inner Flame              Hex/Fire       2%         N/A       41%         3
 Flame Wave               Conj/Fire      2%         2d4       82%         4
 Statue Form              Tmut/Erth      11%        N/A       99%         6


Dungeon Overview and Level Annotations

Branches:
Dungeon (7/15)             Temple (1/1) D:5

Altars:
Ashenzari
Cheibriados
Dithmenos
Elyvilon
Fedhas
Gozag
Hepliaklqana
Kikubaaqudgha
Makhleb
Nemelex Xobeh
Okawaru
Qazlal
Ru
Sif Muna
Trog
Uskayaw
Vehumet
Wu Jian
Xom
Zin
The Shining One

Shops:
D:1 (   D:2 **(   D:6 ?


Innate Abilities, Weirdness & Mutations

You cannot wear most types of armour.
You are amphibious.
You can wear up to eight rings at the same time.
Your skin changes colour to match your surroundings (Stealth+).
Your rubbery body absorbs attacks. (AC +1, EV +1)
((You are camouflaged when in or above water. (Stealth+)))
You have tentacles for arms and can constrict up to eight enemies at once.


Message History

You hear an angry buzzing noise.
The killer bee stings you.
The killer bee stings you but does no damage.
The killer bee is distracted by your dazzling golden aura.
The killer bee completely misses you. The killer bee closely misses you.
The killer bee stings you but does no damage. x2
The killer bee buzzes angrily.
You take 9 damage, and have 34/71 hp.
You barely miss the killer bee.
The killer bee is no longer distracted by gold.
Your grab misses the killer bee.
The killer bee is moderately wounded.
You miss the killer bee. You barely miss the killer bee.
You feel very sick. The killer bee stings you. The killer bee stings you!
* * * LOW HITPOINT WARNING * * *
You are more poisoned.
The killer bee poisons you! The killer bee closely misses you.
The killer bee barely misses you. The killer bee misses you.
The killer bee is distracted by your dazzling golden aura.
The killer bee buzzes angrily.
You take 14 damage, and have 20/71 hp.
You closely miss the killer bee. You grab the killer bee.
Your squeeze misses the killer bee.
The killer bee is moderately wounded.
You hit the killer bee. You freeze the killer bee.
The killer bee is no longer distracted by gold.
You hit the killer bee. You freeze the killer bee.
You constrict the killer bee.
You feel very sick.
The killer bee stings you but does no damage.
The killer bee stings you.
* * * LOW HITPOINT WARNING * * *
The killer bee closely misses you. x2; The killer bee stings you!
* * * LOW HITPOINT WARNING * * *
The killer bee is distracted by your dazzling golden aura.
The killer bee closely misses you. The killer bee barely misses you.
The killer bee stings you!
You die...
Your body crumbles into a pile of gold.

###.# #..# #...#
#..# #.### ##..#
#.# #...# #.##
#..## #.#.## #..#
#.###.##########..#
#.# ##.#.yy....>..#
#.# ##.yy@.......#
## #.#.#######.##
#.##.# ####.## #
#.. ..#
#.....###.####. .y.
##.#
#.##...........
..y. #.#
#.##.##########
###. #.# #.##.# #.
#.####.##.#
##.........##


You could see 4 killer bees.

Vanquished Creatures
  A steam dragon (D:6)
  2 orc warriors
  An ice beast (D:6)
  2 sky beasts
  2 ogres (D:5)
  A black bear (D:6)
  2 phantoms (D:6)
  Blork the orc (D:6)
  A bullfrog (D:7)
  3 wights (D:6)
  2 killer bees (D:7)
  A howler monkey (D:4)
  5 hounds
  A jelly (D:6)
  A gnoll shaman (D:4)
  An orc priest (D:7)
  An iguana (D:6)
  Natasha (thrice) (D:3)
  6 orc wizards
  8 adders
  6 gnolls
  A shadow imp (D:6)
  2 worms (D:2)
  A dart slug (D:2)
  13 orcs
  10 bats
  10 endoplasms
  5 giant cockroaches
  3 goblins
  6 hobgoblins
  4 jackals
  5 quokkas
  5 ball pythons
  3 frilled lizards
  5 kobolds
  4 rats
128 creatures vanquished.

Vanquished Creatures (others)
  2 plants (D:5)
2 creatures vanquished.

Grand Total: 130 creatures vanquished

Notes
Turn   | Place    | Note
-------+----------+-------------------------------------------
     0 | D:1      | Psyclone the Octopode Earth Elementalist began the quest
                  | for the Orb.
     0 | D:1      | Reached XP level 1. HP: 11/11 MP: 3/3
   215 | D:1      | Found Anucw's Antique Weapon Emporium.
   358 | D:1      | Reached XP level 2. HP: 17/17 MP: 5/5
   715 | D:1      | Reached XP level 3. HP: 18/21 MP: 3/6
  1110 | D:2      | Identified the amulet of Duuliq {Faith Dex+3}
  1134 | D:2      | Found Hamey's Assorted Antiques.
  1142 | D:2      | Bought a puce potion for 15 gold pieces
  1142 | D:2      | Bought a white potion for 15 gold pieces
  1142 | D:2      | Bought a scroll labelled HINGIO RUEGU for 17 gold pieces
  1170 | D:2      | Found Piwympirch's Assorted Antiques.
  1307 | D:2      | Identified the +6 hand axe of Myuppaes {freeze, Will+}
  1431 | D:2      | Reached XP level 4. HP: 26/27 MP: 7/7
  1473 | D:2      | Reached skill level 5 in Earth Magic
  1826 | D:2      | Found Okheyjez's Weapon Shop.
  2279 | D:3      | Noticed Natasha
  2288 | D:3      | Killed Natasha
  2289 | D:3      | Reached XP level 5. HP: 4/31 MP: 6/8
  2296 | D:3      | Learned a level 3 spell: Stone Arrow
  2299 | D:3      | Learned a level 2 spell: Passwall
  2680 | D:3      | Noticed Natasha
  2683 | D:3      | Killed Natasha
  3031 | D:3      | Noticed Natasha
  3037 | D:3      | Killed Natasha
  3228 | D:4      | Reached XP level 6. HP: 37/37 MP: 9/9
  3239 | D:4      | Reached skill level 1 in Fighting
  3246 | D:4      | Reached skill level 2 in Fighting
  3772 | D:4      | Reached skill level 3 in Fighting
  4025 | D:5      | Entered Level 5 of the Dungeon
  4094 | D:5      | Found a staircase to the Ecumenical Temple.
  4097 | D:5      | Noticed a sky beast
  4100 | Temple   | Entered the Ecumenical Temple
  4428 | Temple   | Became a worshipper of Gozag Ym Sagoz the Greedy
  4465 | D:5      | Killed a sky beast
  4466 | D:5      | Reached XP level 7. HP: 36/47 MP: 10/10
  4544 | D:5      | Reached skill level 4 in Fighting
  4675 | D:5      | Reached skill level 5 in Fighting
  5054 | D:6      | Found Varus's Magic Scroll Shoppe.
  5118 | D:6      | Reached skill level 6 in Fighting
  5151 | D:6      | Reached XP level 8. HP: 21/58 MP: 11/11
  5241 | D:6      | Reached skill level 7 in Fighting
  5623 | D:6      | Reached skill level 8 in Fighting
  5860 | D:6      | Found a hazy altar of Hepliaklqana.
  5948 | D:6      | Reached skill level 9 in Fighting
  6037 | D:6      | Reached XP level 9. HP: 17/69 MP: 8/12
  6321 | D:6      | Noticed Blork the orc
  6329 | D:6      | Killed Blork the orc
  6681 | D:6      | Reached skill level 10 in Fighting
  7195 | D:7      | Slain by a killer bee

Illustrated notes

Levels and vault maps discovered:
D:1:      psy_arrival_spokes, layout_loops_corners, serial_shops,
          nicolae_shop_statue_plus
D:2:      minmay_wonky_spiral, layout_basic, serial_shops, shop, shop,
          nicolae_shop_bloodbath_and_beyond, hangedman_feature_mirror,
          minmay_hexomino_c4
D:3:      layout_rooms, uniq_natasha
D:4:      kennysheep_big_flooded_room, layout_loops_ring
D:5:      layout_cave_pools, minmay_temple_entry_gardened_gates
D:6:      layout_basic, nicolae_overflow_crystal_walls, serial_shops,
          nicolae_shop_statue_plus, uniq_blork_the_orc
D:7:      layout_loops_ring
Temple:   mainiacjoe_temple_cubbyholes

Skill      XL: |  1  2  3  4  5  6  7  8  9 |
---------------+----------------------------+-----
Earth Magic    | 4 5 6 |  6.4
Fighting       | 3 6 9 10 | 10.5
Dodging        | |  2.0
Stealth        | |  2.6
Spellcasting   | |  2.0
Transmutations | |  1.0

Action                   |  1- 3 |  4- 6 |  7- 9 || total
-------------------------+-------+-------+-------++-------
Melee: Dagger            |    39 |       |       ||    39
       Constrict         |     5 |    17 |    12 ||    34
       Tentacles         |     7 |     9 |     9 ||    25
       Unarmed           |     1 |       |       ||     1
       Hand axe          |     1 |    59 |    67 ||   127
       Punch             |       |       |     1 ||     1
 Cast: Sandblast         |    10 |    12 |    22 ||    44
       Stone Arrow       |       |     3 |    12 ||    15
  Use: Potion            |     3 |     6 |     2 ||    11
       Scroll            |     2 |     8 |     4 ||    14
 Stab: Sleeping          |    12 |    11 |     7 ||    30
       Distracted        |       |       |     1 ||     1
Armor: Skin              |       |     6 |     5 ||    11
Dodge: Dodged            |    18 |    33 |    62 ||   113

Table legend: (Time is in decaauts)
 A = Elapsed time spent in this place.
 B = Non-inter-level travel time spent in this place.
 C = Inter-level travel time spent in this place.
 D = Time resting spent in this place.
 E = Time spent auto-exploring this place.
 F = Levels seen in this place.
 G = Mean time per level.
                   A        B        C        D        E       F      G
               +--------+--------+--------+--------+--------+-----+--------+
         Total |   7210 |   7031 |    179 |    472 |   5617 |   8 |  901.2 |
       Dungeon |   6851 |   6702 |    149 |    472 |   5333 |   7 |  978.7 |
        Temple |    358 |    328 |     30 |      0 |    284 |   1 |  358.0 |
               +--------+--------+--------+--------+--------+-----+--------+

Top non-repeatable levels by time:
     D:6: 1785 daAuts
     D:2: 1112 daAuts
     D:3: 1065 daAuts
     D:1: 1053 daAuts
     D:4: 788 daAuts
     D:5: 671 daAuts
     D:7: 375 daAuts
  Temple: 358 daAuts
